 Seeded DCSS version 0.29-a0-648-g6b26cc9f40 (webtiles) character file.

Game seed: 10802498693541890562 (custom seed)

2478 wilfster70 the Cleaver (level 9, -6/68 (85) HPs)
             Began as a Hill Orc Fighter on June 20, 2022.
             Was a Follower of Beogh.
             Mangled by Joseph
             ... wielding a +1 quarterstaff of draining
              (12 damage)
             ... on level 7 of the Dungeon.
             The game lasted 00:17:59 (8104 turns).

wilfster70 the Cleaver (Hill Orc Fighter)           Turns: 8104, Time: 00:18:00

HP:   -6/68 (85)    AC: 11    Str: 29    XL:     9   Next: 51%
MP:   13/13         EV:  7    Int:  8    God:    Beogh [*.....]
Gold: 390           SH: 10    Dex: 16    Spells: 8/8 levels left

rFire   . . .      SeeInvis .   a - +1 war axe (chaos)
rCold   . . .      Faith    .   l - +0 kite shield
rNeg    . . .      Spirit   .   q - +0 chain mail
rPois   .          Reflect  .   m - +1 helmet
rElec   .          Harm     .   (no cloak)
rCorr   .          Rampage  .   (no gloves)
Will    .....                   (no boots)
Stlth   ..........              (no amulet)
HPRegen 0.21/turn               v - +6 ring of strength
MPRegen 0.13/turn               y - +6 ring of dexterity

@: heavily drained
A: no striking features
a: Renounce Religion


You were on level 7 of the Dungeon.
You worshipped Beogh.
Beogh was aware of your devotion.
You visited 1 branch of the dungeon, and saw 7 of its levels.
You also visited: Sewer.

You collected 390 gold pieces.

Inventory:

Hand Weapons
 a - a +1 war axe of chaos (weapon)
 b - a +1 morningstar of venom
 e - a +1 hand crossbow of freezing
 x - a +0 scythe
Missiles
 s - 5 curare-tipped darts (quivered)
Armour
 l - a +0 kite shield (worn)
 m - a +1 helmet (worn)
 q - a +0 chain mail (worn)
Jewellery
 v - a +6 ring of strength (left hand)
 y - a +6 ring of dexterity (right hand)
Wands
 z - a wand of quicksilver (9)
Scrolls
 c - a scroll of magic mapping {unknown}
 h - 2 scrolls of enchant armour
 j - 5 scrolls of teleportation
 p - 7 scrolls of fear
 w - a scroll of fog
Potions
 d - a potion of might
 f - 3 potions of haste
 g - 8 potions of flight
 i - 2 potions of berserk rage
 k - 2 potions of brilliance
 n - a potion of magic
 o - 2 potions of lignification
 t - a potion of curing {unknown}
 u - a potion of invisibility
 A - 4 potions of attraction {unknown}


   Skills:
 - Level 10.0 Fighting
 - Level 10.0 Axes
 - Level 3.2 Armour
 - Level 6.0 Shields
 + Level 6.1 Invocations


You had 8 spell levels left.
You didn't know any spells.
Your spell library contained the following spells:

 Spells                   Type           Power      Damage    Failure   Level
 Sting                    Tmut/Pois      0%         1d3       100%        1
 Poisonous Vapours        Pois/Air       0%         N/A       100%        2
 Static Discharge         Conj/Air       0%         N/A       100%        2
 Dispel Undead            Necr           0%         3d6       100%        4
 Olgreb's Toxic Radiance  Pois           0%         N/A       100%        4
 Sticky Flame             Conj/Fire      0%         2d3       100%        4
 Freezing Cloud           Conj/Ice/Air   0%         6-21      100%        5
 Lightning Bolt           Conj/Air       0%         1d11      100%        5
 Simulacrum               Ice/Necr       0%         N/A       100%        6
 Maxwell's Capacitive Co  Air            0%         ∞         100%        8
 Polar Vortex             Ice            0%         N/A       100%        9


Dungeon Overview and Level Annotations

Branches:
Dungeon (7/15)             Temple (0/1) D:5           Sewer (visited)

Altars:
Cheibriados
Nemelex Xobeh
Qazlal
Xom

Shops:
D:6 (

Annotations:
D:4 2 runed translucent doors, HoaS's ghost, amateur GrHu
D:7 Joseph


Message History

Joseph is lightly wounded.
Joseph hits you but does no damage.
You feel drained.
Joseph hits you with a +1 quarterstaff of draining!
You feel drained.
You closely miss Joseph.
Joseph is lightly wounded.
You block Joseph's attack.
Joseph hits you with a +1 quarterstaff of draining!
You feel drained.
You hit Joseph but do no damage. Lightning courses through Joseph!!
Joseph is moderately wounded.
Joseph hits you with a +1 quarterstaff of draining.
You feel drained.
You barely miss Joseph.
Joseph is moderately wounded.
Joseph hits you with a +1 quarterstaff of draining!
You feel drained.
Joseph hits you with a +1 quarterstaff of draining!
You feel drained.
You are too injured to fight recklessly!
You are too injured to fight recklessly!
You hit Joseph. You drain Joseph.
Joseph is heavily wounded.
Joseph barely misses you. You block Joseph's attack.
You barely miss Joseph.
Joseph is heavily wounded.
You block Joseph's attack. x2
You slash Joseph!
Joseph is severely wounded.
Joseph hits you with a +1 quarterstaff of draining.
You feel drained.
You slash Joseph! You freeze Joseph.
Joseph is almost dead.
Joseph says, "I'm happy to see you. And I'll be happy to kill you."
Joseph hits you with a +1 quarterstaff of draining!
* * * LOW HITPOINT WARNING * * *
You feel drained.
* * * LOW HITPOINT WARNING * * *
Joseph hits you with a +1 quarterstaff of draining!
You die...

......# ....... .....#
.....# ##########
.....# .........#
.....#
.........#######@....#
...............@)....#
.........##########.##
........)).....#
..........####.#
.........<#
#######.### #.. ###


You could see Joseph (fast, drained).

Vanquished Creatures
  Grinder (D:5)
  Sigmund (D:5)
  A steam dragon (D:6)
  Menkaure (D:4)
  Edmund (D:4)
  A water moccasin (D:6)
  Duvessa (D:4)
  Pargi (D:3)
  A phantom (D:6)
  2 bullfrogs
  A necrophage (D:6)
  A kobold brigand (D:7)
  A gnoll sergeant (D:6)
  2 scorpions
  Dowan (D:4)
  A howler monkey (D:6)
  2 jellies
  3 hounds
  3 iguanas
  Ijyb (D:5)
  Terence (D:3)
  3 orc wizards (D:3)
  Robin (D:2)
  8 gnolls (D:6)
  13 adders
  4 river rats (Sewer)
  An ufetubus (D:6)
  2 worms (D:2)
  2 dart slugs (D:5)
  17 orcs
  16 ball pythons
  9 bats
  12 endoplasms
  7 giant cockroaches
  15 goblins
  6 hobgoblins
  6 jackals
  11 kobolds
  6 quokkas
  14 frilled lizards
  7 rats
188 creatures vanquished.

Vanquished Creatures (others)
  A steam dragon (D:6)
  A scorpion (D:6)
  An orc priest (D:6)
  An orc wizard (D:6)
  A shadow imp (D:6)
  3 orcs (D:6)
  A ball python zombie (Sewer)
  A goblin zombie (D:2)
  4 plants (D:3)
14 creatures vanquished.

Grand Total: 202 creatures vanquished

Notes
Turn   | Place    | Note
-------+----------+-------------------------------------------
     0 | D:1      | wilfster70 the Hill Orc Fighter began the quest for the
                  | Orb.
     0 | D:1      | Reached XP level 1. HP: 19/19 MP: 1/1
     7 | D:1      | Identified a scroll of acquirement
     7 | D:1      | Acquired a +1 hand crossbow of freezing
   154 | D:1      | Reached XP level 2. HP: 18/26 MP: 2/2
   505 | D:1      | Found Resops's Armour Shop.
   653 | D:1      | Reached XP level 3. HP: 28/31 MP: 3/3
   870 | D:1      | Reached skill level 5 in Axes
  1447 | D:2      | Noticed Robin
  1455 | D:2      | Killed Robin
  1456 | D:2      | Reached XP level 4. HP: 30/39 MP: 4/4
  2570 | D:3      | Found a glowing drain.
  2574 | Sewer    | Entered a sewer
  2583 | Sewer    | Reached XP level 5. HP: 38/45 MP: 5/5
  2947 | D:3      | Noticed Terence
  2956 | D:3      | Killed Terence
  2957 | D:3      | Reached XP level 6. HP: 42/51 MP: 6/6
  3458 | D:3      | Found a faded altar of an unknown god.
  3482 | D:3      | Noticed Pargi
  3496 | D:3      | Killed Pargi
  4012 | D:4      | Noticed Duvessa
  4023 | D:4      | Killed Duvessa
  4023 | D:4      | Noticed Dowan
  4024 | D:4      | Reached skill level 10 in Axes
  4024 | D:4      | Reached XP level 7. HP: 40/57 MP: 7/7
  4028 | D:4      | Killed Dowan
  4491 | D:4      | Reached skill level 5 in Shields
  4596 | D:4      | Noticed Menkaure
  4606 | D:4      | Killed Menkaure
  4772 | D:4      | Found a large runed translucent door.
  4772 | D:4      | Found a large runed translucent door.
  4773 | D:4      | Noticed Edmund
  4788 | D:4      | Killed Edmund
  4789 | D:4      | Reached XP level 8. HP: 32/67 MP: 0/8
  4796 | D:4      | Noticed HoaS's ghost (amateur GrHu)
  5262 | D:5      | Entered Level 5 of the Dungeon
  5306 | D:5      | Reached skill level 5 in Fighting
  5526 | D:5      | Noticed Sigmund
  5548 | D:5      | Killed Sigmund
  5706 | D:5      | Noticed Grinder
  5711 | D:5      | Paralysed by Grinder for 3 turns
  5722 | D:5      | Found a staircase to the Ecumenical Temple.
  5723 | D:5      | Paralysed by Grinder for 4 turns
  5728 | D:5      | Killed Grinder
  5959 | D:5      | Noticed Ijyb
  5965 | D:5      | Killed Ijyb
  6317 | D:5      | Found a snail-covered altar of Cheibriados.
  6318 | D:5      | Found a stormy altar of Qazlal.
  6320 | D:5      | Found a shimmering altar of Xom.
  6320 | D:5      | Found a sparkling altar of Nemelex Xobeh.
  6457 | D:6      | Found Ysikh's Weapon Shop.
  6474 | D:6      | Became a worshipper of Beogh the Brigand
  6610 | D:6      | Reached skill level 1 in Invocations
  6651 | D:6      | Reached XP level 9. HP: 58/82 MP: 9/11
  6767 | D:6      | HP: 4/82 [steam dragon] (2)]
  7707 | D:6      | Reached skill level 5 in Invocations
  8082 | D:7      | Noticed Joseph
  8088 | D:7      | Reached * piety under Beogh
  8094 | D:7      | Reached skill level 10 in Fighting
  8104 | D:7      | Mangled by Joseph

Illustrated notes

Levels and vault maps discovered:
D:1:      kilobyte_arrival_exit_the_forest, layout_loops_ring, serial_shops,
          shop
D:2:      layout_basic, uniq_robin
D:3:      layout_loops_corners, hellmonk_ecumenical_altar_pennies_from_heaven,
          gup_sewer_entry_bowl, chequers_serial_rivers_micro_d,
          minmay_lizard_king, uniq_pargi, uniq_terence
D:4:      layout_loops_cross, ebering_ghost_disaster_area, abandoned_shop,
          chequers_serial_rivers_room_b, minmay_misc_feat_doors,
          hangedman_decor_slide_cut, uniq_edmund, uniq_duvessa, uniq_menkaure
D:5:      layout_basic, mainiacjoe_overflow_alcove_3, minmay_temple_entry_grid,
          uniq_ijyb, uniq_grinder, uniq_sigmund
D:6:      layout_layer_cave, serial_shops, shop, grunt_decor_clamped,
          wad_rectangle_vault
D:7:      layout_basic, uniq_joseph

Skill      XL: |  1  2  3  4  5  6  7  8  9 |
---------------+----------------------------+-----
Axes           | 3 4 5 6 8 10 | 10.0
Shields        | 6 |  6.0
Fighting       | 4 8 10 | 10.0
Invocations    | 2 6 |  6.1
Armour         | |  3.2

Action                   |  1- 3 |  4- 6 |  7- 9 || total
-------------------------+-------+-------+-------++-------
Melee: War axe           |   122 |   199 |   208 ||   529
Invok: Convert to Beogh  |       |       |     1 ||     1
  Use: Scroll            |     5 |     3 |     7 ||    15
       Potion            |       |       |     2 ||     2
Armor: Scale mail        |    62 |    17 |       ||    79
       Chain mail        |       |   102 |    79 ||   181
Dodge: Dodged            |    59 |    78 |    57 ||   194
Block: Buckler           |    26 |    52 |    28 ||   106
       Kite shield       |       |       |    26 ||    26

Table legend: (Time is in decaauts)
 A = Elapsed time spent in this place.
 B = Non-inter-level travel time spent in this place.
 C = Inter-level travel time spent in this place.
 D = Time resting spent in this place.
 E = Time spent auto-exploring this place.
 F = Levels seen in this place.
 G = Mean time per level.
                   A        B        C        D        E       F      G
               +--------+--------+--------+--------+--------+-----+--------+
         Total |   8262 |   8133 |    129 |   1596 |   4039 |   8 | 1032.8 |
       Dungeon |   7833 |   7704 |    129 |   1511 |   3976 |   7 | 1119.0 |
         Sewer |    429 |    429 |      0 |     85 |     62 |   1 |  429.0 |
               +--------+--------+--------+--------+--------+-----+--------+

Top non-repeatable levels by time:
     D:6: 1614 daAuts
     D:4: 1316 daAuts
     D:2: 1250 daAuts
     D:1: 1226 daAuts
     D:5: 1190 daAuts
     D:3: 1184 daAuts
   Sewer: 429 daAuts
     D:7: 49 daAuts
